 Dungeon Crawl Stone Soup version 0.19-a0-722-g27ac516 (webtiles) character file.

4052 Leszczynek the Cudgeler (level 9, -4/71 HPs)
             Began as a Demigod Wanderer on June 21, 2016.
             Slain by a killer bee (7 damage)
             ... on level 9 of the Dungeon.
             The game lasted 00:25:59 (13304 turns).

Leszczynek the Cudgeler (Demigod Wanderer)         Turns: 13304, Time: 00:26:00

Health: -4/71      AC: 12    Str: 21    XL:     9   Next: 75%
Magic:  14/14      EV:  6    Int: 16    God:
Gold:   414        SH:  0    Dex: 15    Spells: 0 memorised, 11 levels left

rFire  . . .     SeeInvis .     H - +9 trident of the Foot {drain, MR+}
rCold  . . .     Gourm    .     e - +0 plate armour
rNeg   . . .     Faith    .     (no shield)
rPois  .         Spirit   .     (no helmet)
rElec  .         Dismiss  .     s - +0 cloak
rCorr  +         Reflect  .     (no gloves)
SustAt +         Harm     .     (no boots)
MR     +....                    (no amulet)
Stlth  ..........               (no ring)
                                i - ring of resist corrosion

@: lethally poisoned (-4 -> -34), somewhat resistant to hostile enchantments,
extremely unstealthy
A: high mp 1, sustain attributes
a: no special abilities


You were on level 9 of the Dungeon.
You were not hungry.

You visited 1 branch of the dungeon, and saw 9 of its levels.

You collected 414 gold pieces.

Inventory:

Hand Weapons
 m - the +5 trident "Isalugas" {speed, Str-2 Int+3 Dex+4}
   (You found it on level 8 of the Dungeon)

   Attacks with this weapon are significantly faster.
   It affects your strength (-2).
   It affects your intelligence (+3).
   It affects your dexterity (+4).
 q - a +0 longbow
 H - the +9 trident of the Foot (weapon) {drain, MR+}
   (You found it on level 7 of the Dungeon)

   A truly terrible weapon, it drains the life of those it strikes.
   It affects your resistance to hostile enchantments.
Missiles
 a - 7 javelins of penetration
 g - 4 silver tomahawks
 p - 116 arrows
 y - 7 needles of confusion
 F - 7 tomahawks (quivered)
Armour
 e - a +0 plate armour (worn)
 s - a +0 cloak (worn)
Jewellery
 i - a ring of resist corrosion (left hand)
Wands
 o - a wand of flame (25/48)
Scrolls
 b - 2 scrolls of identify
 c - 5 scrolls of teleportation
 d - 3 scrolls of remove curse
 h - 2 scrolls of enchant weapon {unknown}
 j - 2 scrolls of immolation {unknown}
 k - 3 scrolls of fog {unknown}
 l - 2 scrolls of random uselessness {unknown}
 r - 4 scrolls of magic mapping
 u - a scroll of acquirement {unknown}
 C - a scroll of noise {unknown}
 D - a scroll of amnesia {unknown}
 E - a scroll of blinking {unknown}
 I - a scroll of fear {unknown}
 K - a scroll of enchant armour {unknown}
Potions
 n - a potion of curing
 v - 2 potions of cure mutation
 w - a potion of degeneration {unknown}
 x - 3 potions of magic
 z - a potion of resistance {unknown}
 B - a potion of flight
 G - 2 potions of might {unknown}
 J - a potion of cancellation {unknown}
Comestibles
 f - 5 bread rations
 t - 3 meat rations
 A - 2 beef jerkies
 L - 2 chunks of flesh


   Skills:
 - Level 4.1 Fighting
   Level 5.3 Long Blades
   Level 7.6 Maces & Flails
 * Level 7.3 Polearms
 + Level 3.8 Armour
 - Level 1.0 Dodging
 - Level 1.7 Stealth
 - Level 1.7 Spellcasting
   Level 1.0 Air Magic
   Level 1.7 Poison Magic
 - Level 1.0 Evocations


You had 11 spell levels left.
You didn't know any spells.

Dungeon Overview and Level Annotations

Branches:
Dungeon (9/15)             Temple (0/1) D:5            Lair (0/6) D:8
    Orc: D:9-12

Annotations:
D:4 Sigmund
D:9 Gastronok


Innate Abilities, Weirdness & Mutations

You have an increased reservoir of magic. (+10% MP)
Your attributes are resistant to harm.


Message History

The killer bee is heavily wounded.
* * * LOW HITPOINT WARNING * * *
You feel very sick.
The killer bee stings you but does no damage. x4
The killer bee barely misses you.
The killer bee stings you but does no damage. x5
You closely miss the killer bee.
The killer bee is heavily wounded.
* * * LOW HITPOINT WARNING * * *
You feel sick.
The killer bee stings you but does no damage. x2
The killer bee stings you.
* * * LOW HITPOINT WARNING * * *
The killer bee stings you but does no damage. x3
The killer bee stings you.
* * * LOW HITPOINT WARNING * * *
You are more poisoned.
The killer bee poisons you! The killer bee barely misses you.
The killer bee stings you!
You die...

#................ #..
#.......y........ #.. ###
#................ #.. ....
#.............# #.. ....
#.............##. #..
....#######.######........
#..
............##..##........
#..
.........#.....yyy........
#..
.........'...†.y@y........
#>.
.......).#####.y##.[...###
#..
...........###.>##.....#
...
...........#.....'.....# .
. ........)..+.....#.....+
.. .
...........##+##########...
. ....######.....####.....#
# ....# #.....+††'.....#
....# #.....#†<#.....#..


You could see 6 killer bees.

Vanquished Creatures
  Prince Ribbit (D:6)
  3 yaks (D:9)
  Menkaure (D:6)
  A hippogriff (D:8)
  3 orc warriors
  2 sky beasts
  A black bear (D:8)
  A necrophage (D:7)
  A wasp (D:7)
  3 ogres
  2 centaurs
  Blork the orc (D:5)
  A giant frog (D:8)
  6 killer bees (D:9)
  2 howler monkeys (D:9)
  4 crimson imps
  2 quasits
  2 hounds
  2 centaur skeletons (D:4)
  3 orc priests
  A giant frog skeleton (D:5)
  4 iguanas
  15 orc wizards
  Natasha (thrice) (D:4)
  9 worker ants
  3 gnolls (D:2)
  11 adders
  3 howler monkey skeletons
  A shadow imp (D:8)
  5 adder skeletons
  3 worms
  3 dart slugs
  4 giant geckos
  36 orcs
  2 ball pythons
  10 giant cockroaches
  7 goblins
  10 hobgoblins
  5 jackals
  5 quokkas
  11 bats
  5 giant newts
  A jackal skeleton (D:4)
  5 kobolds
  A quokka skeleton (D:5)
  4 rats
209 creatures vanquished.

Notes
Turn   | Place    | Note
--------------------------------------------------------------
     0 | D:1      | Leszczynek the Demigod Wanderer began the quest for the Orb.
     0 | D:1      | Leszczynek set off with: a +2 falchion, a potion of lignification, a scroll of teleportation, a +0 robe, a +0 dagger, a bread ration
     0 | D:1      | Reached XP level 1. HP: 14/14 MP: 5/5
    56 | D:1      | Reached skill level 2 in Long Blades
   301 | D:1      | Reached XP level 2. HP: 13/20 MP: 7/7
  1011 | D:1      | Reached skill level 1 in Dodging
  1296 | D:2      | Reached XP level 3. HP: 17/27 MP: 8/8
  1482 | D:2      | Reached skill level 1 in Fighting
  1571 | D:2      | Found a sparkling altar of Nemelex Xobeh.
  1613 | D:2      | Reached skill level 3 in Long Blades
  2204 | D:2      | Reached XP level 4. HP: 33/35 MP: 9/9
  2290 | D:2      | Reached skill level 1 in Armour
  3777 | D:2      | Reached skill level 4 in Long Blades
  4049 | D:3      | Reached XP level 5. HP: 37/40 MP: 10/10
  4110 | D:3      | Found an ancient bone altar of Kikubaaqudgha.
  4791 | D:4      | Reached skill level 2 in Fighting
  4998 | D:4      | Found a hide-covered altar of Uskayaw.
  5079 | D:4      | Noticed Sigmund
  5143 | D:4      | Noticed Natasha
  5154 | D:4      | Killed Natasha
  5338 | D:4      | Noticed Natasha
  5344 | D:4      | Killed Natasha
  5344 | D:4      | Reached XP level 6. HP: 31/50 MP: 11/11
  5464 | D:4      | Noticed Natasha
  5471 | D:4      | Killed Natasha
  5471 | D:4      | Reached skill level 3 in Fighting
  5524 | D:3      | rip
  5532 | D:3      | Reached skill level 1 in Maces & Flails
  6192 | D:4      | Reached skill level 2 in Maces & Flails
  6526 | D:4      | Found a deep blue altar of Sif Muna.
  6638 | D:4      | Reached skill level 4 in Fighting
  6640 | D:4      | right
  6640 | D:4      | so THIS iguana does 0 damage to me
  6640 | D:4      | the previous one killed me in 5 turns, when i had similar defences and 1 xl less
  6640 | D:4      | RNG at its finest
  6640 | D:4      | this is why the optimal play is to run away like a damn coward from absolutely everything
  6640 | D:4      | and the optimal play is not very fun at all
  6662 | D:4      | Reached XP level 7. HP: 37/59 MP: 12/12
  7009 | D:4      | Reached skill level 5 in Long Blades
  7241 | D:5      | Entered Level 5 of the Dungeon
  7241 | D:5      | Found a staircase to the Ecumenical Temple.
  7400 | D:5      | Reached skill level 3 in Maces & Flails
  7540 | D:5      | ah fuck it
  7814 | D:5      | Reached skill level 4 in Maces & Flails
  8096 | D:5      | Found a white marble altar of Elyvilon.
  8150 | D:5      | Found a shadowy altar of Dithmenos.
  8235 | D:5      | Noticed Blork the orc
  8246 | D:5      | Killed Blork the orc
  8742 | D:6      | Noticed Prince Ribbit
  8773 | D:6      | Reached skill level 5 in Maces & Flails
  9139 | D:6      | Noticed Menkaure
  9415 | D:7      | Reached XP level 8. HP: 64/66 MP: 13/13
  9431 | D:7      | Found an opulent altar of Gozag.
  9492 | D:7      | Found a burning altar of Makhleb.
  9492 | D:7      | Found a stormy altar of Qazlal.
  9715 | D:7      | Reached skill level 6 in Maces & Flails
  9907 | D:7      | Got a translucent trident
  9908 | D:7      | Identified the +9 trident of the Foot {drain, MR+} (You found it on level 7 of the Dungeon)
  9925 | D:7      | Got a heavy robe
  9936 | D:7      | Identified the +1 robe of Homeckya {+Blink Str+4 Int+3} (You found it on level 7 of the Dungeon)
 10038 | D:7      | Reached skill level 2 in Polearms
 10538 | D:6      | HP: 4/66 [Prince Ribbit (14)]
 10554 | D:6      | Killed Prince Ribbit
 10554 | D:6      | Reached skill level 7 in Maces & Flails
 11032 | D:6      | Killed Menkaure
 11032 | D:6      | Reached skill level 3 in Polearms
 11321 | D:7      | Reached skill level 4 in Polearms
 11328 | D:7      | Reached XP level 9. HP: 58/71 MP: 14/14
 11424 | D:8      | Found a staircase to the Lair.
 11682 | D:8      | Reached skill level 5 in Polearms
 11704 | D:8      | Got a dazzling trident
 11705 | D:8      | Identified the +5 trident "Isalugas" {speed, Str-2 Int+3 Dex+4} (You found it on level 8 of the Dungeon)
 11765 | D:8      | Reached skill level 2 in Armour
 11978 | D:8      | Found a sacrificial altar of Ru.
 12339 | D:9      | Reached skill level 6 in Polearms
 12385 | D:9      | Reached skill level 3 in Armour
 12534 | D:9      | Noticed Gastronok
 12667 | D:9      | Reached skill level 7 in Polearms
 13304 | D:9      | HP: 7/71 [killer bee (4)]
 13304 | D:9      | HP: 3/71 [killer bee (4)]
 13304 | D:9      | Slain by a killer bee

Vault maps used:
D:1:      minmay_arrival_four_houses
D:2:      nemelex_xobeh_ov_fountains_minmay, first_bread
D:3:      lemuel_round_altar
D:4:      lemuel_coloured_pillars_altar, lemuel_blue_sif_altar, uniq_natasha,
          uniq_sigmund
D:5:      kennysheep_mini, grunt_dithmenos_smoke_and_mirrors, uniq_blork_the_orc
D:6:      nicolae_tso_carved_into_rock, uniq_menkaure, uniq_eustachio,
          uniq_prince_ribbit1
D:7:      gammafunk_temple_overflow_elements, grunt_gozag_breadcrumbs
D:8:      lair_0_dummy, basic_altar
D:9:      hangedman_little_slice_of_home, uniq_gastronok

Skill      XL: |  1  2  3  4  5  6  7  8  9 |
---------------+----------------------------+-----
Long Blades    | 2 3 4 5 |  5.3
Dodging        | 1 |  1.0
Fighting       | 1 2 4 |  4.1
Armour         | 1 3 |  3.8
Maces & Flails | 2 5 7 |  7.6
Polearms       | 4 7 |  7.3
Stealth        | |  1.7
Spellcasting   | |  1.7
Air Magic      | |  1.0
Poison Magic   | |  1.7
Evocations     | |  1.0

Action                   |  1- 3 |  4- 6 |  7- 9 || total
-------------------------+-------+-------+-------++-------
Melee: Falchion          |   113 |   314 |    47 ||   474
       Morningstar       |       |       |   195 ||   195
       Trident           |       |       |   237 ||   237
Throw: Tomahawk          |       |     6 |     5 ||    11
Evoke: Wand              |       |     5 |     1 ||     6
  Use: Potion            |       |     1 |     7 ||     8
       Scroll            |       |     4 |     3 ||     7
 Stab: Sleeping          |     3 |     3 |     1 ||     7
       Distracted        |     1 |       |     1 ||     2
  Eat: Chunk             |     4 |    14 |    17 ||    35
       Pizza             |       |       |     3 ||     3
       Royal jelly       |       |       |     1 ||     1
Armor: Robe              |    31 |       |       ||    31
       Scale mail        |    15 |       |       ||    15
       Ring mail         |       |    92 |   100 ||   192
       Skin              |       |     1 |       ||     1
       Plate armour      |       |       |   165 ||   165
Dodge: Dodged            |    82 |   162 |   272 ||   516
